 Dungeon Crawl Stone Soup version 0.31-a0-965-g8a8ce12e04 (webtiles) character file.

Game seed: 12779642312874954069

22 drugrobin the Sneak (level 2, 0/25 HPs)
             Began as a Demigod Delver on Oct 27, 2023.
             Slain by an orc
             ... wielding a +2 dagger of venom
              (1 damage)
             ... on level 4 of the Dungeon.
             The game lasted 00:03:50 (649 turns).

drugrobin the Sneak (Demigod Delver)                 Turns: 649, Time: 00:03:51

Health: 0/25       AC:  5    Str: 13    XL:     2   Next: 51%
Magic:  4/4        EV: 11    Int: 12    God:
Gold:   104        SH:  0    Dex: 15    Spells: 1/1 levels left

rFire   . . .        d - +0 spear (flame)
rCold   . . .        (no shield)
rNeg    . . .        a - +0 leather armour
rPois   .            (no helmet)
rElec   .            (no cloak)
rCorr   .            g - +1 pair of gloves
SInv    .            (no boots)
Will    .....        (no amulet)
Stlth   +++          (no ring)
HPRegen 0.24/turn    (no ring)
MPRegen 0.09/turn

%: no passive effects
@: lethally poisoned (0 -> -19)
A: high MP 1, forlorn, divine attributes
a: no special abilities


You were on level 4 of the Dungeon.
You visited 1 branch of the dungeon, and saw 3 of its levels.

You collected 104 gold pieces.

Inventory:

Hand Weapons
 d - a +0 spear of flaming (weapon)
Armour
 a - a +0 leather armour (worn)
 g - a +1 pair of gloves (worn)
 j - a +0 ring mail
Wands
 f - a wand of digging (2)
Scrolls
 b - a scroll of fog
 i - a scroll of torment {unknown}
Potions
 c - a potion of lignification {unknown}
 h - a potion of might {unknown}
 k - a potion of magic {unknown}


   Skills:
 - Level 2.6 Fighting
 - Level 1.7 Dodging
 - Level 4.5 Stealth
 + Level 3.0 Unarmed Combat


You had one spell level left.
You didn't know any spells.
Your spell library was empty.

Dungeon Overview and Level Annotations

Branches:
Dungeon (5/15)
 Temple: D:4-7

Annotations:
D:3 Sigmund
D:5 exclusions: black bear, 2 gnolls and 2 kobolds


Innate Abilities, Weirdness & Mutations

You have an increased reservoir of magic. (+10% MP)
You shall have no god before yourself.
Your divine heritage dramatically boosts your attributes as you level up.


Message History

Aim: an orc, wielding a +2 dagger of venom and wearing a +0 scale mail (heavily wounded, about 35% to evade your +0 spear of flaming)
You reach to attack!
You hit the orc but do no damage.
The orc is heavily wounded.
Unknown command.
You hit the orc but do no damage.
The orc is heavily wounded.
The orc hits you but does no damage.
You hit the orc. You burn the orc.
The orc is heavily wounded.
The orc hits you with a +2 dagger of venom.
You closely miss the orc.
The orc is heavily wounded.
The orc sings a few bars from the Orcish anthem.
The orc hits you with a +2 dagger of venom.
You are poisoned.
Throw: javelin
Press: ? - help, Q - select action Shift-Dir - straight line, f/p - orc
Aim: an orc, wielding a +2 dagger of venom and wearing a +0 scale mail (heavily wounded, 60% to hit)
You throw a javelin. The javelin closely misses the orc.
You feel very sick.
The orc hits you with a +2 dagger of venom.
You are lethally poisoned!
The orc barely misses you.
Unknown command.
Unknown command.
Unknown command.
You barely miss the orc.
The orc is heavily wounded.
You feel very sick.
The orc hits you with a +2 dagger of venom.
* * * LOW HITPOINT WARNING * * *
You are more poisoned.
Unknown command.
Unknown command.
You barely miss the orc.
The orc is heavily wounded.
* * * LOW HITPOINT WARNING * * *
You feel very sick.
The orc hits you with a +2 dagger of venom.
You die...

## ##.........##......
###.##..................
#....##.................
#...##........#........
##....#......§§#........
#.......)...._§.§.....h.
##...........§§.§.##....
##.)............## ...
#.....@o..†..(...###.o.
#..<..........#......#.
#.........#...#.##...#
##..............# #..#
######.........# #..#
#........### ....
##..#....# .....
####....###...#
##...#.....##


You could see an orc.

Vanquished Creatures
  A hound zombie (D:4)
  An orc (D:4)
  An endoplasm (D:3)
  A goblin (D:4)
  A jackal (D:4)
  A quokka (D:4)
6 creatures vanquished.

Notes
Turn   | Place    | Note
-------+----------+-------------------------------------------
     0 | D:5      | drugrobin the Demigod Delver began the quest for the Orb.
     0 | D:5      | Reached XP level 1. HP: 18/18 MP: 3/3
    93 | D:5      | Noticed a black bear
   163 | D:5      | Noticed a gnoll bouda
   187 | D:5      | Noticed an orc wizard
   211 | D:4      | Noticed an ogre
   363 | D:3      | Noticed Sigmund
   447 | D:4      | Reached XP level 2. HP: 14/25 MP: 4/4
   649 | D:4      | HP: 1/25 [poisoned by an orc]
   649 | D:4      | Slain by an orc

Illustrated notes

Levels and vault maps discovered:
D:3:      layout_basic, slow_altar_2, nicolae_overflow_hidden_temple,
          uniq_sigmund
D:4:      layout_cave_pools, grunt_dithmenos_smoke, serial_undead,
          serial_undead_b, serial_undead_f, serial_undead_f, serial_undead_f,
          serial_bayou_lagoon_b, uniq_robin
D:5:      layout_loops_ring, corexii_checkpoint_a, uniq_edmund

Skill      XL: |  1  2 |
---------------+-------+-----
Unarmed Combat | 2 3 |  3.0
Fighting       | |  2.6
Dodging        | |  1.7
Stealth        | |  4.5

Action                     || total
---------------------------++-------
  Melee: Unarmed           ||    30
         Spear             ||     8
         Punch             ||     1
  Throw: Javelin           ||     3
  Evoke: Wand              ||     1
    Use: Scroll            ||     2
         Potion            ||     1
   Stab: Sleeping          ||     1
 Armour: Leather armour    ||    24
  Dodge: Dodged            ||    23

Table legend: (Time is in decaauts)
 A = Elapsed time spent in this place.
 B = Non-inter-level travel time spent in this place.
 C = Inter-level travel time spent in this place.
 D = Time resting spent in this place.
 E = Time spent auto-exploring this place.
 F = Levels seen in this place.
 G = Mean time per level.
                   A        B        C        D        E       F      G
               +--------+--------+--------+--------+--------+-----+--------+
         Total |    630 |    630 |      0 |     98 |    110 |   3 |  210.0 |
       Dungeon |    630 |    630 |      0 |     98 |    110 |   3 |  210.0 |
               +--------+--------+--------+--------+--------+-----+--------+

Top non-repeatable levels by time:
     D:3: 232 daAuts
     D:4: 201 daAuts
     D:5: 196 daAuts
